 Dungeon Crawl Stone Soup version 0.29-a0-892-g2c4c91d9db (webtiles) character file.

Game seed: 10494161166657529298

1675 kevlar127 the Ruffian (level 8, -2/126 HPs)
             Began as a Troll Berserker on July 22, 2022.
             Was a Priest of Trog.
             Slain by a wraith (13 damage)
             ... on level 7 of the Dungeon.
             The game lasted 00:07:15 (5064 turns).

kevlar127 the Ruffian (Troll Berserker)             Turns: 5064, Time: 00:07:16

Health: -2/126     AC:  4    Str: 28    XL:     8   Next: 70%
Magic:  7/7        EV: 10    Int:  3    God:    Trog [***...]
Gold:   267        SH:  0    Dex:  9    Spells: 7/7 levels left

rFire   . . .      SeeInvis .     - Unarmed
rCold   . . .      Faith    .   (no shield)
rNeg    . . .      Spirit   .   a - +0 animal skin
rPois   .          Reflect  .   k - +0 hat
rElec   .          Harm     .   (no cloak)
rCorr   .          Rampage  .   (gloves unavailable)
Will    .....                   (boots unavailable)
Stlth   ..........              (no amulet)
HPRegen 1.11/turn               (no ring)
MPRegen 0.10/turn               (no ring)

@: berserking (expiring), slowed
A: large, unfitting armour, claws 3, regeneration 1, shaggy fur 1, tough skin 1
a: Renounce Religion, Berserk, Trog's Hand


You were on level 7 of the Dungeon.
You worshipped Trog.
Trog was most pleased with you.
You visited 1 branch of the dungeon, and saw 7 of its levels.

You collected 267 gold pieces.

Inventory:

Missiles
 b - 72 stones (quivered)
 p - 3 poisoned darts
 y - 3 javelins
 F - a boomerang
Armour
 a - a +0 animal skin (worn)
 k - a +0 hat (worn)
Jewellery
 u - a ring of willpower
 x - an amulet of magic regeneration
 D - a ring of fire
Wands
 B - a wand of flame (20)
 E - a wand of mindburst (24)
Scrolls
 e - a scroll of poison {unknown}
 g - a scroll of torment {unknown}
 h - 3 scrolls of noise {unknown}
 i - 9 scrolls of identify {unknown}
 n - a scroll of amnesia {unknown}
 q - a scroll of fog {unknown}
 r - a scroll of immolation {unknown}
 t - 2 scrolls of blinking {unknown}
 v - a scroll of enchant weapon {unknown}
 w - a scroll of enchant armour {unknown}
 z - a scroll of magic mapping {unknown}
 A - a scroll of brand weapon {unknown}
 C - 2 scrolls of teleportation {unknown}
Potions
 c - 3 potions of heal wounds {unknown}
 d - 6 potions of flight {unknown}
 f - a potion of magic {unknown}
 j - a potion of ambrosia {unknown}
 l - a potion of resistance {unknown}
 m - 3 potions of curing {unknown}
 o - 3 potions of brilliance {unknown}
 s - a potion of mutation {unknown}


   Skills:
 + Level 6.4 Fighting
 + Level 4.1 Throwing
 - Level 2.4 Dodging
 + Level 7.7 Unarmed Combat


You had 7 spell levels left.
You didn't know any spells.
Your spell library was empty.

Dungeon Overview and Level Annotations

Branches:
Dungeon (7/15)             Temple (0/1) D:6

Altars:
Kikubaaqudgha
Okawaru
Zin

Shops:
D:3 :

Annotations:
D:7 3 runed translucent doors, riojii's ghost, novice DsFi


Innate Abilities, Weirdness & Mutations

You are too large for most types of armour.
You have claws for hands.
Your natural rate of healing is unusually fast.
You are covered in fur. (AC +1)
You have tough skin. (AC +1)


Message History

You are too injured to fight recklessly!
You are too injured to fight recklessly!
You are too injured to fight recklessly!
You are too injured to fight recklessly!
You are too injured to fight recklessly!
You are too injured to fight recklessly!
You are too injured to fight recklessly!
Unknown command.
A red film seems to cover your vision as you go berserk!
You feel yourself moving faster!
You feel mighty! The troll bites you!
* * * LOW HITPOINT WARNING * * *
The troll claws you!
* * * LOW HITPOINT WARNING * * *
The troll claws you.
* * * LOW HITPOINT WARNING * * *
You barely miss the troll. You claw the troll!
You kill the troll!
Trog accepts your kill.
Your Throwing skill increases to level 4!
You closely miss the wraith. You scratch the wraith.
The wraith is lightly damaged.
The wraith hits you.
* * * LOW HITPOINT WARNING * * *
The wraith drains your vigour!
You feel yourself slow down.
You barely miss the wraith. You claw the wraith!
The wraith is heavily damaged.
The wraith hits you!
* * * LOW HITPOINT WARNING * * *
The wraith drains your vigour!
You feel as though you will be slow longer.
You barely miss the wraith.
The wraith is heavily damaged.
You claw the wraith!
The wraith is severely damaged.
The wraith closely misses you.
You scratch the wraith.
The wraith is severely damaged.
The wraith hits you!
You die...

#.# ## #... ..
#.... #. #...# #.
...# #.##..
#W#.#######.#
#@†.).....#
#.###.###.#
....###.....##
#....#......)#
.###....##..#..##
........#..#..#
#...##.##.†.##
#####8......#.).#
....#.....#.##.##
#


You could see a wraith.

Vanquished Creatures
  A troll (D:7)
  A yak (D:7)
  A water moccasin (D:6)
  A black bear (D:5)
  An orc warrior (D:7)
  An ogre (D:6)
  2 centaurs
  3 bullfrogs
  4 scorpions
  A howler monkey (D:5)
  3 hounds (D:5)
  A gnoll bouda (D:7)
  An orc wizard (D:6)
  6 adders
  3 ufetubi
  A worm (D:2)
  4 dart slugs
  12 orcs
  7 ball pythons
  5 bats
  10 endoplasms
  3 giant cockroaches
  6 goblins
  6 hobgoblins
  6 jackals
  4 kobolds
  4 quokkas
  4 frilled lizards
  7 rats
109 creatures vanquished.

Vanquished Creatures (others)
  A plant (D:4)
1 creature vanquished.

Grand Total: 110 creatures vanquished

Notes
Turn   | Place    | Note
-------+----------+-------------------------------------------
     0 | D:1      | kevlar127 the Troll Berserker began the quest for the Orb.
     0 | D:1      | Reached XP level 1. HP: 22/22 MP: 0/0
   125 | D:1      | Found a faded altar of an unknown god.
   135 | D:1      | Reached XP level 2. HP: 28/29 MP: 1/1
   807 | D:2      | Reached XP level 3. HP: 37/37 MP: 2/2
   815 | D:2      | Reached ** piety under Trog
  1149 | D:2      | Reached skill level 4 in Unarmed Combat
  1578 | D:3      | Reached XP level 4. HP: 45/45 MP: 3/3
  1587 | D:3      | Found Oreimi's Vocational Training.
  1619 | D:3      | Noticed a scorpion
  1633 | D:3      | Killed a scorpion
  1634 | D:3      | Reached XP level 5. HP: 21/54 MP: 4/4
  2473 | D:4      | Reached *** piety under Trog
  2474 | D:4      | Reached skill level 5 in Unarmed Combat
  3315 | D:5      | Entered Level 5 of the Dungeon
  3369 | D:5      | Reached XP level 6. HP: 60/63 MP: 5/5
  3382 | D:5      | Identified the +9 dagger "Hysi" {pain, rN+}
  3594 | D:5      | Reached skill level 5 in Fighting
  3594 | D:5      | Reached skill level 6 in Unarmed Combat
  3648 | D:5      | Reached XP level 7. HP: 72/72 MP: 6/6
  3661 | D:5      | Found an iron altar of Okawaru.
  3662 | D:5      | Found an ancient bone altar of Kikubaaqudgha.
  3937 | D:5      | Reached skill level 1 in Throwing
  4124 | D:6      | Found a glowing silver altar of Zin.
  4128 | D:6      | Found a staircase to the Ecumenical Temple.
  4464 | D:6      | Reached XP level 8. HP: 69/83 MP: 7/7
  4968 | D:7      | Noticed riojii's ghost (novice DsFi)
  4968 | D:7      | Found a runed translucent gate.
  4968 | D:7      | Found a runed translucent gate.
  4968 | D:7      | Found a runed translucent gate.
  4993 | D:7      | Reached skill level 7 in Unarmed Combat
  5045 | D:7      | Identified the ring of Byakur {rElec rPois rF+ rN+ Dex-4}
  5047 | D:7      | Noticed a troll
  5058 | D:7      | Killed a troll
  5064 | D:7      | Slain by a wraith

Illustrated notes

Levels and vault maps discovered:
D:1:      erik_arrival_triangle_small, layout_basic,
          ebering_ecumenical_altar_ruins
D:2:      layout_loops_ring
D:3:      layout_rooms, nicolae_shop_vocational
D:4:      layout_layer_cave, serial_bayou_lake_a
D:5:      black_bear_nest_2, layout_cave_pools, gammafunk_temple_overflow_pools,
          serial_column_ruins, column_ruins_hut_pillars,
          column_ruins_courtyard_long, column_ruins_open_tiny,
          column_ruins_grid_4, column_ruins_corridor_dead_end,
          column_ruins_open_large, column_ruins_grid_1,
          kennysheep_generic_room_8
D:6:      layout_layer_cave, mainiacjoe_overflow_alcove_4,
          minmay_temple_entry_glass, feat_on_display
D:7:      minmay_the_grid_triangle_9x9_rhombus_thin
          [minmay_the_grid_triangle_9x9_sprig,
          minmay_the_grid_triangle_9x9_prize_special,
          minmay_the_grid_triangle_9x9_stretched_checkered,
          minmay_the_grid_triangle_9x9_dagger], layout_cave_pools,
          biasface_ghost_orc_armoury, serial_shops, shop, enter_bailey_2

Skill      XL: |  1  2  3  4  5  6  7  8 |
---------------+-------------------------+-----
Fighting       | 3 4 5 6 |  6.4
Unarmed Combat | 4 5 6 7 |  7.7
Throwing       | 2 4 |  4.1
Dodging        | |  2.4

Action                   |  1- 3 |  4- 6 |  7- 9 || total
-------------------------+-------+-------+-------++-------
Melee: Unarmed           |   100 |   139 |    83 ||   322
       Punch             |     3 |     2 |     4 ||     9
Invok: Berserk           |       |       |     1 ||     1
 Stab: Sleeping          |     1 |       |       ||     1
Armor: Animal skin       |    29 |    67 |    19 ||   115
Dodge: Dodged            |    58 |   107 |    39 ||   204

Table legend: (Time is in decaauts)
 A = Elapsed time spent in this place.
 B = Non-inter-level travel time spent in this place.
 C = Inter-level travel time spent in this place.
 D = Time resting spent in this place.
 E = Time spent auto-exploring this place.
 F = Levels seen in this place.
 G = Mean time per level.
                   A        B        C        D        E       F      G
               +--------+--------+--------+--------+--------+-----+--------+
         Total |   5048 |   4511 |    537 |    220 |   3623 |   7 |  721.1 |
       Dungeon |   5048 |   4511 |    537 |    220 |   3623 |   7 |  721.1 |
               +--------+--------+--------+--------+--------+-----+--------+

Top non-repeatable levels by time:
     D:4: 1110 daAuts
     D:2: 907 daAuts
     D:6: 906 daAuts
     D:1: 811 daAuts
     D:5: 733 daAuts
     D:3: 489 daAuts
     D:7: 90 daAuts
